 Dungeon Crawl Stone Soup version 0.29.0-4-gdea44cf6ec (webtiles) character file.

Game seed: 14444615492758938408

249 qw the Chopper (level 6, 0/35 HPs)
             Began as a Tengu Warper on Aug 28, 2022.
             Succumbed to a water moccasin's poison
             ... on level 3 of the Dungeon.
             The game lasted 00:00:20 (2723 turns).

qw the Chopper (Tengu Warper)                       Turns: 2723, Time: 00:00:21

Health: 0/35       AC: 12    Str: 19    XL:     6   Next: 12%
Magic:  10/10      EV:  7    Int: 13    God:
Gold:   116        SH:  0    Dex: 14    Spells: 9/9 levels left

rFire   . . .      SeeInvis .   Y - +0 hand axe
rCold   . . .      Faith    .   (no shield)
rNeg    . . .      Spirit   .   e - +0 plate armour
rPois   .          Reflect  .   (helmet restricted)
rElec   .          Harm     .   (no cloak)
rCorr   .          Rampage  .   j - +0 pair of gloves
Will    .....                   (boots unavailable)
Stlth   ..........              (no amulet)
HPRegen 0.11/turn               i - +6 ring of strength
MPRegen 0.12/turn               (no ring)

@: lethally poisoned (0 -> -6), flying quickly and evasively, quick
A: beak, talons 3, nimble flight
a: no special abilities


You were on level 3 of the Dungeon.
You visited 1 branch of the dungeon, and saw 3 of its levels.

You collected 188 gold pieces.
You spent 72 gold pieces at shops.


Innate Abilities, Weirdness & Mutations

You have a beak for a mouth.
You have claws for feet.
Your magical nature lets you fly swiftly and evasively.


   Skills:
 - Level 2.0 Fighting
 + Level 6.5 Axes
 - Level 1.0 Throwing
 - Level 2.2 Armour
 - Level 2.1 Dodging
 - Level 2.0 Spellcasting
 - Level 2.4 Translocations


You had 9 spell levels left.
You didn't know any spells.
Your spell library contained the following spells:

 Spells                   Type           Power      Damage    Failure   Level
 Blink                    Tloc           14%        N/A       99%         2
 Gell's Gravitas          Tloc           7%         N/A       100%        3
 Lesser Beckoning         Tloc           7%         N/A       100%        3
 Teleport Other           Tloc           7%         N/A       100%        3
 Manifold Assault         Tloc           7%         N/A       100%        5

Inventory:

Hand Weapons
 a - a +0 flail
 Y - a +0 hand axe (weapon)
Armour
 e - a +0 plate armour (worn)
 j - a +0 pair of gloves (worn)
Jewellery
 i - a +6 ring of strength (left hand)
Scrolls
 b - a scroll of acquirement {unknown}
 c - a scroll of teleportation {unknown}
 d - a scroll of identify
Potions
 f - a potion of heal wounds {unknown}
 g - a potion of might {unknown}
 h - a potion of curing {unknown}

Dungeon Overview and Level Annotations

Branches:
Dungeon (3/15)

Altars:

Shops:
D:1 ?   D:2 !


Message History

You kill the orc!
You hit the orc.
The orc is moderately wounded.
The orc barely misses you.
You slash the orc!
You kill the orc!
You hit the orc. Your kick misses the orc.
The orc is heavily wounded.
The orc barely misses you.
You hit the orc. You claw the orc.
You kill the orc!
The water moccasin barely misses you.
You hit the water moccasin. You claw the water moccasin!
The water moccasin is moderately wounded.
The water moccasin bites you.
You are poisoned.
The water moccasin poisons you!
You hit the water moccasin but do no damage.
The water moccasin is moderately wounded.
You feel very sick. The water moccasin barely misses you.
The water moccasin bites you but does no damage.
You hit the water moccasin.
The water moccasin is heavily wounded.
You feel very sick. The water moccasin bites you.
You barely miss the water moccasin. You claw the water moccasin!
You peck the water moccasin.
The water moccasin is almost dead.
You feel very sick. The water moccasin bites you. The water moccasin bites you!
You hit the water moccasin.
You kill the water moccasin!
You feel sick.
Your Axes skill increases to level 6!
You have reached level 6!
You hit the orc.
You kill the orc!
You feel sick.
There is a lethal amount of poison in your body!
You die...

######## ###########
.......###....#.@).#
#.####.#....#...##..#
..#..%.#.##.....# ..#
..#.####.##..##.......#
###..........##..#......
#####.#.######## #.#.#
#...# . . ###.# # #.#
####.


There were no monsters in sight!

Vanquished Creatures
  A water moccasin (D:3)
  Robin (D:3)
  3 adders (D:2)
  2 worms
  6 orcs
  2 ball pythons (D:2)
  7 endoplasms
  2 giant cockroaches (D:3)
  12 goblins
  10 hobgoblins
  8 jackals
  5 quokkas
  9 bats
  5 frilled lizards
  8 kobolds
  7 rats
88 creatures vanquished.

Notes
Turn   | Place    | Note
-------+----------+-------------------------------------------
     0 | D:1      | qw the Tengu Warper began the quest for the Orb.
     0 | D:1      | Reached XP level 1. HP: 12/12 MP: 4/4
     0 | D:1      | 0 ||| qw: Version: 0.1-a-89-g26bdef1
     0 | D:1      | 0 ||| qw: Game counter: 35
     0 | D:1      | 0 ||| qw: Always use a shield: true
     0 | D:1      | 0 ||| qw: God list: Okawaru
     0 | D:1      | 0 ||| qw: Allow faded altars: false
     0 | D:1      | 0 ||| qw: Do Orc after D:15 true
     0 | D:1      | 0 ||| qw: Do second Lair branch before Depths: true
     0 | D:1      | 0 ||| qw: Lair rune preference: random
     0 | D:1      | 0 ||| qw: Plans: Normal
     0 | D:1      | 0 ||| PLANNING D:1-11
   119 | D:1      | 119 ||| Stepping ~*~*~tactically~*~*~ (water).
   153 | D:1      | 153 ||| Stepping ~*~*~tactically~*~*~ (stealth).
   192 | D:1      | Reached XP level 2. HP: 17/17 MP: 6/6
   196 | D:1      | Reached skill level 3 in Axes
   249 | D:1      | 249 ||| Stepping ~*~*~tactically~*~*~ (stealth).
   360 | D:1      | Found a faded altar of an unknown god.
   379 | D:1      | 379 ||| Stepping ~*~*~tactically~*~*~ (stealth).
   400 | D:1      | Found Soennug's Magic Scroll Shop.
   409 | D:1      | 409 ||| SHOPLISTING scroll of enchant armour (90 gold, have
                  | 77).
   409 | D:1      | 409 ||| BUYING scroll of identify (24 gold).
   409 | D:1      | Bought a scroll of identify for 24 gold pieces
   409 | D:1      | 409 ||| BUYING scroll of identify (24 gold).
   409 | D:1      | Bought a scroll of identify for 24 gold pieces
   409 | D:1      | 409 ||| BUYING scroll of identify (24 gold).
   409 | D:1      | Bought a scroll of identify for 24 gold pieces
   427 | D:1      | Reached XP level 3. HP: 17/21 MP: 7/7
   497 | D:1      | 497 ||| Stepping ~*~*~tactically~*~*~ (stealth).
   515 | D:1      | 515 ||| Stepping ~*~*~tactically~*~*~ (stealth).
   575 | D:1      | 575 ||| Stepping ~*~*~tactically~*~*~ (stealth).
   576 | D:1      | 576 ||| Stepping ~*~*~tactically~*~*~ (stealth).
   660 | D:1      | Reached skill level 4 in Axes
   731 | D:1      | 731 ||| DROPPING +0 club.
   959 | D:1      | 959 ||| Stepping ~*~*~tactically~*~*~ (stealth).
   963 | D:1      | 963 ||| Stepping ~*~*~tactically~*~*~ (stealth).
   967 | D:1      | 967 ||| Stepping ~*~*~tactically~*~*~ (stealth).
   968 | D:1      | 968 ||| Stepping ~*~*~tactically~*~*~ (stealth).
   969 | D:1      | 969 ||| Stepping ~*~*~tactically~*~*~ (stealth).
  1087 | D:1      | 1087 ||| UPGRADING to +0 chain mail.
  1097 | D:1      | 1097 ||| DROPPING +0 leather armour.
  1098 | D:1      | 1098 ||| UPGRADING to +0 pair of gloves.
  1103 | D:1      | 1103 ||| UPGRADING to +6 ring of strength.
  1104 | D:1      | 1104 ||| READING scroll labelled ISAOCL QOMU.
  1105 | D:1      | 1105 ||| READING 2 scrolls labelled ZUGIRE TUINNE.
  1106 | D:1      | 1106 ||| READING 3 scrolls of identify.
  1106 | D:1      | 1106 ||| IDENTIFYING murky green potion
  1107 | D:1      | 1107 ||| DROPPING scroll of blinking.
  1108 | D:1      | 1108 ||| DROPPING potion of invisibility.
  1109 | D:1      | 1109 ||| DROPPING scroll of butterflies.
  1499 | D:2      | 1499 ||| Stepping ~*~*~tactically~*~*~ (stealth).
  1506 | D:2      | Reached XP level 4. HP: 23/26 MP: 8/8
  1660 | D:2      | Reached skill level 5 in Axes
  1739 | D:2      | 1739 ||| DROPPING +0 whip.
  1783 | D:2      | Found Ochun's Distillery.
  1790 | D:2      | 1790 ||| SHOPLISTING potion of curing (42 gold, have 39).
  1790 | D:2      | 1790 ||| SHOPLISTING potion of heal wounds (70 gold, have
                  | 39).
  1790 | D:2      | 1790 ||| SHOPLISTING potion of mutation (112 gold, have
                  | 39).
  2248 | D:2      | 2248 ||| UPGRADING to +0 plate armour.
  2258 | D:2      | 2258 ||| DROPPING +0 chain mail.
  2259 | D:2      | 2259 ||| DROPPING amulet of magic regeneration.
  2260 | D:2      | 2260 ||| READING scroll labelled HOAPSE XEBU.
  2261 | D:2      | 2261 ||| READING scroll labelled ACZADI JUADA.
  2262 | D:2      | 2262 ||| READING 3 scrolls of identify.
  2262 | D:2      | 2262 ||| IDENTIFYING pink potion
  2263 | D:2      | 2263 ||| READING 2 scrolls of identify.
  2263 | D:2      | 2263 ||| IDENTIFYING glowing golden potion
  2264 | D:2      | 2264 ||| DROPPING potion of magic.
  2265 | D:2      | 2265 ||| DROPPING potion of attraction.
  2290 | D:3      | 2290 ||| Stepping ~*~*~tactically~*~*~ (stealth).
  2291 | D:3      | 2291 ||| Stepping ~*~*~tactically~*~*~ (stealth).
  2300 | D:3      | 2300 ||| Stepping ~*~*~tactically~*~*~ (stealth).
  2528 | D:3      | Noticed Robin
  2529 | D:3      | 2529 ||| Stepping ~*~*~tactically~*~*~ (hiding).
  2540 | D:3      | Killed Robin
  2541 | D:3      | Gained mutation: Your magical nature lets you fly swiftly
                  | and evasively. [Tengu growth]
  2541 | D:3      | Reached XP level 5. HP: 30/30 MP: 9/9
  2578 | D:3      | 2578 ||| Stepping ~*~*~tactically~*~*~ (stealth).
  2702 | D:3      | 2702 ||| Stepping ~*~*~tactically~*~*~ (stealth).
  2706 | D:3      | Noticed a water moccasin
  2720 | D:3      | HP: 4/30 [water moccasin (8)]
  2721 | D:3      | Killed a water moccasin
  2722 | D:3      | Reached skill level 6 in Axes
  2722 | D:3      | Reached XP level 6. HP: 2/35 MP: 10/10
  2723 | D:3      | Succumbed to a water moccasin's poison

Levels and vault maps discovered:
D:1:      dpeg_arrival_castle, layout_rooms, chequers_ecumenical_altar_simple,
          serial_shops, shop_statue, ebering_dispersal_statue_hall,
          chequers_mini_garden, chequers_serial_rivers_small_3
D:2:      layout_basic, serial_shops, shop, minmay_circle_x
D:3:      minmay_thinvault, layout_basic, uniq_robin

Skill      XL: |  1  2  3  4  5 |
---------------+----------------+-----
Axes           | 3 4 5 6 |  6.5
Armour         | 2 |  2.2
Fighting       | |  2.0
Throwing       | |  1.0
Dodging        | |  2.1
Spellcasting   | |  2.0
Translocations | |  2.4

Action                   |  1- 3 |  4- 6 || total
-------------------------+-------+-------++-------
Melee: Hand axe          |    97 |    92 ||   189
       Peck              |     9 |    12 ||    21
       Kick              |    20 |    19 ||    39
       Punch             |     1 |     1 ||     2
Throw: Boomerang         |    18 |     5 ||    23
  Use: Scroll            |     3 |     4 ||     7
 Stab: Distracted        |     1 |       ||     1
Armor: Leather armour    |     7 |       ||     7
       Chain mail        |    24 |    14 ||    38
       Plate armour      |       |    25 ||    25
Dodge: Dodged            |    42 |    27 ||    69

Table legend:
 A = Non-vault XP
 B = Vault XP
 C = Vault XP percentage of total XP
 D = Non-vault monster count
 E = Vault monster count
 F = Vault count percentage of total count
                 A         B        C        D         E       F
            +---------+---------+-------+---------+---------+-------
      Total |     150 |     207 |  58.0 |      68 |      20 |  22.7
            +---------+---------+-------+---------+---------+-------
        D:1 |      57 |       0 |   0.0 |      34 |       0 |   0.0
        D:2 |      59 |      17 |  22.4 |      18 |       3 |  14.3
        D:3 |      34 |     190 |  84.8 |      16 |      17 |  51.5
            +---------+---------+-------+---------+---------+-------
